Map: [ESL] Altitude

Players

Spirit

  • Race: Terran Terran
  • Spawn Location: 7:00

Reynor - Winner!

  • Race: Zerg Zerg
  • Spawn Location: 1:00

Event: ESL SC2 Masters 2023 Summer (Regionals)

VOD

Have the link to the VOD?

Description

Time

  • Played on: May 20, 2023, 9:58 a.m.
  • Length: 16:16

All games in this series

Show
View Real Time Build Order
Export as new Build Order

Spirit Terran 

Build Orders: Command Center First 

Get SALT Encoding   

  12  0:00  SCV  
  13  0:12  SCV  
  14  0:17  Supply Depot  
  14  0:24  SCV  
  15  0:39  SCV  
  16  0:51  SCV  
  17  1:00  Command Center  
  17  1:03  SCV  
  18  1:14  Barracks  
  18  1:17  SCV  
  19  1:22  Refinery  
  19  1:29  SCV  
  20  1:33  Refinery  
  20  1:41  SCV  
  21  1:53  SCV  
  22  2:03  Reaper  
  22  2:06  Orbital Command  
  23  2:12  Orbital Command  
  23  2:23  Factory  
  23  2:26  Supply Depot  
  23  2:32  SCV  
  23  2:36  Barracks Reactor  
  24  2:39  SCV  
  26  2:44  SCV  
  26  2:51  SCV  
  26  2:56  SCV  
  28  3:03  SCV, Command Center  
  29  3:08  SCV  
  29  3:11  Starport  
  30  3:15  SCV  
  30  3:18  Hellion  
  33  3:20  SCV  
  33  3:21  Hellion  
  33  3:24  Barracks Tech Lab  
  36  3:27  SCV  
  36  3:32  SCV  
  38  3:39  Hellion  
  38  3:40  SCV  
  41  3:44  SCV  
  44  3:51  Marine  
  44  3:58  Stimpack  
  44  3:59  Supply Depot  
  44  4:02  Liberator  
  46  4:14  Marine, SCV x2  
  46  4:15  Orbital Command, Hellion x2  
  53  4:22  Barracks  
  53  4:23  Supply Depot  
  53  4:27  SCV x2  
  53  4:28  Barracks  
  53  4:29  Engineering Bay  
  53  4:30  Engineering Bay  
  55  4:34  Refinery  
  55  4:35  Refinery  
  55  4:39  SCV x2  
  55  4:42  SCV  
  55  4:43  Factory Tech Lab  
  58  4:46  Starport Reactor, Supply Depot  
  58  4:51  SCV  
  59  4:53  SCV  
  59  4:58  Terran Infantry Weapons Level 1  
  59  4:59  Terran Infantry Armor Level 1  
  60  5:02  SCV  
  60  5:03  SCV  
  62  5:07  Marine, Siege Tank  
  62  5:09  Supply Depot  
  62  5:13  SCV  
  67  5:17  SCV  
  67  5:19  Orbital Command  
  68  5:25  Marine x3  
  68  5:27  SCV  
  68  5:28  Starport Reactor  
  72  5:29  Marine x2  
  72  5:32  SCV, Supply Depot  
  75  5:39  SCV, Siege Tank  
  79  5:43  Marine x3  
  79  5:44  SCV  
  79  5:45  Combat Shield  
  79  5:47  Barracks, Marine  
  79  5:48  Barracks, SCV  
  85  5:54  Marine  
  88  6:00  Supply Depot  
  88  6:01  Marine, Bunker  
  88  6:02  Marine x2, Supply Depot  
  89  6:05  Medivac x2  
  93  6:11  Armory  
  93  6:13  SCV  
  93  6:14  Marine  
  93  6:18  SCV x2  
  97  6:25  Supply Depot  
  97  6:26  Marine  
  97  6:28  Marine  
  97  6:29  Marine  
  97  6:32  SCV  
  101  6:34  SCV, Supply Depot  
  101  6:36  Barracks Reactor  
  102  6:43  Marine  
  102  6:44  SCV  
  102  6:45  Barracks Reactor  
  104  6:47  Marine  
  104  6:49  SCV  
  104  6:52  Marine, Medivac x2  
  112  6:56  Marine  
  112  6:57  Marine  
  112  7:00  SCV  
  112  7:01  Marine  
  115  7:02  Siege Tank  
  115  7:04  SCV  
  115  7:05  Marine  
  120  7:10  SCV, Marine  
  120  7:11  Supply Depot  
  120  7:13  Marine  
  120  7:14  Marine  
  125  7:16  Marine  
  125  7:18  Marine  
  125  7:22  Medivac x2  
  125  7:24  Command Center  
  125  7:28  Marine x2  
  117  7:37  Marine  
  117  7:38  Marine  
  117  7:39  SCV  
  117  7:40  Terran Infantry Weapons Level 2, Terran Infantry Armor Level 2  
  117  7:42  SCV x2, Marine  
  117  7:43  Marine x2  
  118  7:46  Supply Depot  
  118  7:47  Marine  
  118  7:51  Marine x2  
  120  7:54  Refinery  
  121  7:58  Supply Depot  
  121  8:03  Marine  
  117  8:06  SCV x3  
  117  8:07  Marine, Terran Vehicle And Ship Armor Level 1  
  117  8:08  Marine x3  
  117  8:11  Siege Tank  
  117  8:12  Factory  
  127  8:13  Marine  
  127  8:18  SCV  
  127  8:20  SCV x2  
  127  8:21  Marine x4  
  127  8:25  Marine x2  
  135  8:28  Supply Depot  
  135  8:29  Refinery  
  135  8:30  SCV  
  135  8:31  Marine  
  135  8:32  Marine x2, SCV  
  140  8:37  SCV  
  140  8:39  Marine  
  142  8:42  SCV  
  142  8:43  Siege Tank  
  142  8:44  SCV, Medivac x2  
  151  8:49  SCV  
  151  8:54  Supply Depot  
  152  8:56  Supply Depot  
  150  9:05  Factory Tech Lab  
  150  9:09  Marine x7  
  146  9:10  Marauder  
  146  9:12  Planetary Fortress  
  146  9:15  Siege Tank  
  153  9:20  Medivac  
  153  9:21  SCV x2  
  152  9:25  Siege Tank  
  157  9:31  Marauder  
  157  9:34  Command Center  
  157  9:44  Supply Depot  
  157  9:46  Barracks  
  157  9:47  Barracks, Siege Tank  
  157  9:48  Barracks, SCV, Ghost Academy  
  157  9:49  Marine, Refinery x2  
  162  9:53  Liberator x2  
  162  9:57  Siege Tank  
  162  9:58  SCV  
  162  9:59  SCV  
  173  10:05  Supply Depot  
  173  10:08  Marauder  
  173  10:11  SCV  
  176  10:14  Terran Infantry Weapons Level 3  
  176  10:20  Siege Tank  
  179  10:25  Missile Turret  
  179  10:26  Command Center  
  179  10:29  Terran Infantry Armor Level 3  
  179  10:32  Command Center, Ghost  
  179  10:35  Barracks Tech Lab x3  
  181  10:49  Command Center  
  181  10:50  Siege Tank  
  181  10:54  Terran Vehicle And Ship Armor Level 2  
  184  10:57  Ghost  
  184  11:00  Ghost  
  187  11:05  Ghost  
  189  11:12  Siege Tank  
  192  11:24  Ghost  
  192  11:25  Command Center  
  188  11:29  Ghost  
  190  11:37  Ghost  
  192  11:40  Orbital Command  
  192  11:44  Sensor Tower  
  100  11:47  Orbital Command  
  192  11:50  Liberator  
  192  11:53  Ghost x2  
  192  11:54  Marine  
  198  11:58  Missile Turret  
  198  11:59  Marauder, Missile Turret x2, Personal Cloaking  
  192  12:16  Ghost  
  192  12:18  Marine  
  192  12:20  Marauder  
  183  12:22  Marauder  
  183  12:23  Marauder  
  183  12:27  Marine  
  156  12:33  Marine x3  
  156  12:34  Marine x3  
  156  12:35  Siege Tank  
  156  12:36  Marine  
  159  12:37  Siege Tank  
  159  12:38  Orbital Command  
  159  12:42  Marauder  
  159  12:43  Marine  
  159  12:44  Marauder, Marine  
  167  12:45  Marine  
  169  12:51  Marine x4  
  169  12:54  Planetary Fortress  
  169  12:57  Marine  
  169  12:58  Marine x2  
  176  13:03  Marauder x2, Marine  
  176  13:05  Marauder  
  185  13:07  Siege Tank  
  185  13:09  Marine  
  185  13:10  Marine, Terran Vehicle Weapons Level 1  
  193  13:12  Marine  
  193  13:15  Marine x4  
  197  13:20  Liberator x2  
  197  13:22  Sensor Tower  
  197  13:23  Marauder, Refinery x2  
  200  13:38  Fusion Core, Starport  
  200  13:39  Marine  
  184  13:42  Marine  
  184  13:43  Marine  
  156  13:49  Marine, Siege Tank  
  156  13:55  Missile Turret  
  151  13:57  Marine x6, Marauder  
  151  13:59  Siege Tank  
  162  14:03  Command Center  
  162  14:06  Liberator x2  
  168  14:13  Command Center  
  168  14:15  Orbital Command, Marine  
  168  14:16  Starport Reactor  
  169  14:20  Marine  
  169  14:21  Siege Tank  
  171  14:25  Command Center  
  171  14:30  Marine  
  172  14:31  Siege Tank  
  167  14:41  Marine x2  
  167  14:42  Marine  
  167  14:43  Marine  
  135  14:46  Marine  
  135  14:47  Marine  
  122  14:53  Siege Tank  
  122  14:55  Medivac x2  
  122  14:59  SCV x5  
  136  15:03  Siege Tank  
  136  15:04  Liberator  
  144  15:08  Liberator  
  144  15:10  Marine x7  
  144  15:14  Marine  
  144  15:16  Refinery  
  145  15:25  Liberator, Siege Tank  
  145  15:27  Missile Turret  
  151  15:29  Marine x2, Missile Turret  
  151  15:31  Missile Turret  
  151  15:34  Marine x5  
  160  15:35  Siege Tank  
  160  15:42  Marine  
  146  15:48  Marine  
  123  15:50  Marine  
  123  15:51  Marine x4  
  123  15:52  Marine x4  
  123  15:53  Marine  
Show
View Real Time Build Order
Export as new Build Order

Reynor Zerg - Winner!

Build Orders: Hatch First 

Get SALT Encoding   

  12  0:00  Drone  
  13  0:12  Overlord  
  13  0:17  Drone  
  14  0:31  Drone x2  
  16  0:49  Hatchery  
  15  0:51  Drone  
  15  0:56  Drone  
  17  0:59  Drone  
  18  1:11  Extractor  
  18  1:15  Spawning Pool  
  18  1:18  Drone  
  17  1:21  Drone  
  18  1:28  Drone  
  19  1:39  Drone  
  20  1:49  Overlord  
  20  2:01  Queen x2  
  20  2:02  Drone x2  
  26  2:13  Zergling x2  
  27  2:19  Drone  
  28  2:23  Drone x2  
  30  2:31  Hatchery  
  30  2:33  Drone  
  30  2:36  Drone  
  31  2:43  Drone, Metabolic Boost  
  32  2:47  Overlord  
  32  2:53  Queen  
  32  2:56  Drone  
  32  2:58  Drone  
  36  3:05  Queen  
  36  3:06  Drone  
  36  3:09  Drone  
  36  3:12  Overlord  
  40  3:15  Drone  
  40  3:16  Drone  
  40  3:18  Drone  
  43  3:20  Drone  
  44  3:30  Overlord  
  44  3:31  Queen, Zergling x2  
  47  3:38  Zergling x2  
  47  3:39  Drone  
  49  3:42  Queen  
  49  3:45  Drone  
  51  3:49  Drone x2  
  51  3:51  Queen  
  51  3:53  Drone  
  56  4:01  Zergling x4  
  56  4:02  Overlord, Zergling x2  
  59  4:03  Drone  
  59  4:05  Drone  
  59  4:09  Drone  
  62  4:13  Queen  
  62  4:14  Overlord  
  62  4:15  Drone  
  65  4:21  Overlord  
  65  4:22  Drone x2  
  67  4:24  Spore Crawler  
  67  4:26  Drone x2  
  67  4:27  Drone  
  69  4:32  Spore Crawler  
  69  4:34  Drone x2  
  69  4:35  Spore Crawler  
  69  4:38  Drone  
  69  4:40  Queen  
  69  4:44  Drone  
  73  4:48  Overlord  
  73  4:49  Drone x4  
  73  4:52  Lair  
  77  4:53  Drone  
  77  4:58  Zergling x4  
  77  4:59  Drone  
  81  5:00  Overlord  
  81  5:06  Extractor  
  80  5:08  Drone x3  
  80  5:09  Baneling Nest  
  80  5:10  Overlord  
  80  5:12  Drone x2  
  84  5:18  Drone x2  
  86  5:25  Drone x2  
  86  5:27  Drone  
  86  5:28  Drone, Evolution Chamber  
  88  5:29  Evolution Chamber  
  88  5:32  Drone  
  88  5:33  Hatchery  
  88  5:35  Overlord  
  88  5:41  Drone x3  
  88  5:42  Extractor  
  90  5:43  Extractor  
  90  5:45  Zergling x4  
  90  5:46  Extractor, Zergling x2  
  91  5:53  Centrifugal Hooks  
  91  5:54  Zerg Ground Armor Level 1  
  91  5:56  Drone  
  91  5:57  Drone x7  
  95  6:01  Zergling x4  
  95  6:03  Zergling x4  
  103  6:07  Drone  
  103  6:10  Zerg Melee Weapons Level 1  
  104  6:13  Zergling x2  
  104  6:15  Zergling x2  
  104  6:17  Zergling x2  
  107  6:22  Overlord  
  107  6:23  Zergling x6  
  107  6:24  Zergling x4  
  112  6:25  Baneling x3  
  112  6:26  Baneling, Zergling x4  
  112  6:29  Overlord, Hatchery  
  112  6:30  Drone  
  114  6:33  Overlord, Spore Crawler  
  114  6:34  Baneling x4  
  114  6:35  Baneling  
  114  6:36  Baneling  
  114  6:37  Zergling x2  
  114  6:40  Zergling x4  
  114  6:43  Baneling x7  
  114  6:45  Zergling x2  
  117  6:48  Zergling x2  
  117  6:52  Zergling x8  
  121  6:56  Zergling x8  
  121  6:59  Baneling x5  
  121  7:00  Baneling x2, Zergling x6  
  127  7:02  Zergling x4  
  127  7:06  Zergling x4  
  131  7:09  Zergling x2  
  131  7:11  Queen  
  131  7:15  Zergling x4  
  132  7:20  Zergling x4  
  132  7:21  Zergling x4  
  130  7:24  Zergling x2  
  131  7:31  Zergling x14  
  121  7:37  Zergling x2  
  121  7:40  Zergling x4  
  121  7:41  Overseer  
  121  7:43  Drone x2  
  120  7:45  Drone  
  120  7:49  Infestation Pit  
  120  7:50  Drone x2, Zerg Ground Armor Level 2  
  122  7:53  Drone x2  
  123  7:58  Zergling x12  
  123  8:00  Baneling x4  
  123  8:04  Drone x2  
  123  8:05  Drone x3  
  131  8:06  Zerg Melee Weapons Level 2  
  131  8:09  Drone  
  131  8:14  Drone x2  
  131  8:16  Drone x4  
  135  8:20  Drone  
  135  8:24  Zergling x4  
  135  8:25  Zergling x4  
  135  8:26  Hive  
  135  8:27  Zergling x12  
  143  8:30  Drone x2  
  143  8:33  Baneling x6  
  143  8:34  Baneling  
  148  8:37  Zergling x4  
  150  8:41  Overlord x3  
  150  8:47  Overlord  
  150  8:49  Overlord, Baneling x6  
  150  8:54  Spore Crawler x2  
  148  8:56  Drone x2  
  148  8:59  Drone x4  
  148  9:00  Drone x3  
  157  9:03  Zergling x2  
  157  9:04  Zergling x6  
  157  9:06  Zergling x6  
  160  9:10  Queen  
  160  9:12  Zergling x6  
  160  9:13  Zergling x2  
  160  9:15  Zergling x6  
  164  9:21  Zergling x4  
  164  9:27  Overlord  
  164  9:28  Zergling x10  
  164  9:29  Zergling x2  
  170  9:40  Viper x3  
  170  9:41  Adrenal Glands  
  170  9:44  Drone x5  
  184  9:46  Extractor  
  184  9:47  Zergling x10  
  184  9:49  Queen  
  184  9:51  Spore Crawler x2  
  184  9:52  Drone x2, Spine Crawler  
  189  9:53  Drone, Spore Crawler  
  189  9:54  Zergling x4  
  189  9:55  Zergling x2, Spore Crawler  
  189  9:57  Hatchery, Zergling x4, Spore Crawler  
  191  10:03  Zergling x4  
  191  10:04  Zergling x4  
  191  10:06  Overlord  
  191  10:07  Pneumatized Carapace  
  195  10:12  Baneling x19  
  195  10:13  Baneling x2  
  195  10:14  Zergling x6  
  198  10:15  Overlord  
  196  10:22  Overlord  
  196  10:28  Drone  
  197  10:30  Hatchery  
  197  10:33  Zerg Ground Armor Level 3  
  197  10:35  Zergling x6  
  199  10:40  Burrow  
  199  10:48  Hatchery  
  199  10:49  Zerg Melee Weapons Level 3  
  198  11:00  Zergling x8  
  197  11:06  Hydralisk Den  
  197  11:08  Extractor  
  195  11:29  Zergling x2  
  195  11:30  Zergling x6  
  195  11:32  Baneling x11  
  199  11:49  Muscular Augments  
  198  11:54  Hatchery  
  198  11:55  Zergling x2  
  198  11:56  Zergling x2  
  186  12:20  Zergling x74  
  189  12:25  Zergling x34  
  187  12:32  Zergling x8  
  187  12:33  Zergling x2  
  187  12:36  Zergling x4  
  180  12:39  Hydralisk x4  
  180  12:42  Hydralisk  
  180  12:43  Zergling x2  
  191  12:46  Hydralisk  
  191  12:47  Zergling x8  
  191  12:50  Baneling x29  
  191  12:51  Baneling  
  197  12:56  Zergling x4  
  199  13:00  Grooved Spines  
  199  13:08  Hatchery  
  199  13:11  Zergling x2  
  199  13:19  Hatchery  
  196  13:41  Zergling x28  
  187  13:43  Zergling x18  
  187  13:44  Zergling x22  
  178  13:52  Zergling x6  
  178  13:54  Queen  
  178  13:55  Hydralisk x2  
  179  13:56  Zergling x12  
  179  14:01  Zergling x6  
  179  14:02  Zergling x6  
  191  14:04  Zergling x2  
  191  14:05  Baneling x18  
  191  14:06  Zergling x8  
  196  14:10  Zergling x2  
  196  14:11  Baneling x16  
  196  14:13  Zergling x4  
  181  14:38  Zergling x4  
  181  14:39  Zergling x32  
  181  14:41  Hatchery  
  179  14:45  Zergling x20  
  179  14:46  Zergling x12  
  179  14:48  Hydralisk  
  179  14:49  Zergling x4  
  179  14:51  Zergling x6  
  179  14:52  Zergling x6  
  177  15:02  Zergling x26  
  177  15:05  Baneling x3  
  177  15:06  Baneling x26  
  190  15:07  Zergling x2  
  190  15:08  Zergling x2, Baneling x6  
  190  15:09  Baneling x5, Zergling x2  
  190  15:10  Zergling x2  
  190  15:11  Zergling x8  
  198  15:14  Zergling x2  
  198  15:15  Zergling x2  
  171  15:45  Zergling x56  
  171  15:49  Hydralisk, Zergling x14  
  181  15:52  Hydralisk, Zergling x6  
  181  15:53  Zergling x2  
  181  15:54  Zergling x4  
  181  15:55  Zergling x4  
  181  15:56  Zergling x8  
  181  15:58  Zergling x10  
Tags
 
Add a new tag
Caveats
  • Supply blocks, unpowered buildings, or Contaminate may cause inaccurate times.
  • Supply counts are checked every 10 seconds.